 Dungeon Crawl Stone Soup version 0.24.0-37-gcf1ca852f1 (webtiles) character file.

Game seed: 16698951447502798698, levelgen mode: deterministic

3590 EriolAelfwine the Cleaver (level 9, -2/82 HPs)
             Began as a Deep Dwarf Fighter on Nov 30, 2019.
             Was a Believer of Makhleb.
             Slain by a red ugly thing (5 damage)
             ... on level 11 of the Dungeon.
             The game lasted 00:39:45 (7496 turns).

EriolAelfwine the Cleaver (Deep Dwarf Fighter)      Turns: 7496, Time: 00:39:45

Health: -2/82      AC: 14    Str: 24    XL:     9   Next: 85%
Magic:  8/8        EV:  7    Int:  8    God:    Makhleb [**....]
Gold:   341        SH: 12    Dex: 12    Spells: 8/8 levels left

rFire    + . .     SeeInvis .   a - +0 war axe
rCold    + . .     Gourm    .   c - +1 shield
rNeg     . . .     Faith    .   s - +1 chain mail {rC+}
rPois    +         Spirit   .   v - +0 helmet
rElec    .         Reflect  .   (no cloak)
rCorr    .         Harm     .   C - +0 pair of gloves
MR       +....                  (no boots)
Stlth    ..........             (no amulet)
HPRegen  0.00/turn              e - ring of poison resistance
MPRegen  0.11/turn              y - ring of protection from fire

@: marked, non-regenerating
A: damage resistance, heal wounds, sense surroundings 2, no regeneration
a: Heal Wounds, Minor Destruction, Renounce Religion


You were on level 11 of the Dungeon.
You worshipped Makhleb.
Makhleb was pleased with you.
You were not hungry.

You visited 2 branches of the dungeon, and saw 11 of its levels.
You also visited: Bailey.

You collected 341 gold pieces.

Inventory:

Hand Weapons
 a - a +0 war axe (weapon)
 q - a +1 whip of venom
Missiles
 l - 38 poisoned darts (quivered)
Armour
 c - a +1 shield (worn)
 s - a +1 chain mail of cold resistance (worn)
 v - a +0 helmet (worn)
 z - a +1 scale mail of magic resistance
 C - a +0 pair of gloves (worn)
Jewellery
 e - a ring of poison resistance (left hand)
 o - an uncursed ring of ice
 y - a ring of protection from fire (right hand)
Wands
 j - a wand of acid (3)
 G - a wand of iceblast (13)
 H - a wand of scattershot (7)
Scrolls
 g - 2 scrolls of remove curse
 B - a scroll of enchant armour
Potions
 b - 4 potions of mutation
 d - a potion of might
 h - 2 potions of flight
 k - 2 potions of resistance
 m - 4 potions of heal wounds
 n - 2 potions of ambrosia
 p - a potion of cancellation {unknown}
 r - 2 potions of lignification {unknown}
 w - a potion of invisibility {unknown}
 x - 2 potions of curing {unknown}
 A - a potion of haste
Comestibles
 f - 12 rations


   Skills:
 + Level 5.8 Fighting
 * Level 8.9 Axes
 + Level 7.7 Armour
 - Level 0.5 Dodging
 + Level 7.6 Shields
 + Level 6.5 Invocations


You had 8 spell levels left.
You didn't know any spells.
Your spell library contained the following spells:

 Spells                   Type           Power        Failure   Level  Hunger
 Corona                   Hex            #......      100%        1    ##.....
 Shock                    Conj/Air       #...         100%        1    ##.....
 Summon Butterflies       Summ           #.......     100%        1    ##.....
 Slow                     Hex            #.......     100%        2    ###....
 Swiftness                Chrm/Air       #.......     100%        2    ###....
 Call Canine Familiar     Summ           #.......     100%        3    ####...
 Inner Flame              Hex/Fire       #.......     100%        3    ####...
 Portal Projectile        Hex/Tloc       #.....       100%        3    ####...
 Static Discharge         Conj/Air       #.......     100%        3    ####...
 Airstrike                Air            #.........   100%        4    #####..
 Cause Fear               Hex            #.........   100%        4    #####..
 Leda's Liquefaction      Hex/Erth       #.........   100%        4    #####..
 Summon Ice Beast         Ice/Summ       #.......     100%        4    #####..
 Lightning Bolt           Conj/Air       #.........   100%        5    ######.
 Summon Mana Viper        Hex/Summ       #.......     100%        5    ######.
 Summon Hydra             Summ           #.........   100%        7    #######


Dungeon Overview and Level Annotations

Branches:
Dungeon (12/15)            Temple (1/1) D:5          Bailey (visited)
   Lair: D:8-11         Orc: D:9-12

Altars:
Ashenzari
Cheibriados
Dithmenos
Elyvilon
Fedhas
Gozag
Hepliaklqana
Kikubaaqudgha
Makhleb
Nemelex Xobeh
Okawaru
Qazlal
Ru
Sif Muna
Trog
Uskayaw
Vehumet
Wu Jian
Xom
Yredelemnul
Zin
The Shining One

Shops:
D:11 =


Innate Abilities, Weirdness & Mutations

You are resistant to damage.
You can heal yourself by infusing magical energy.
You passively map the area around you.
You do not regenerate.


Message History

You bump into the rock wall.
Something hits you but does no damage. Something bites you but does no damage.
The red ugly thing completely misses you.
You hit the red ugly thing.
The red ugly thing is lightly wounded.
You closely miss something.
You feel less confused.
A worker ant comes into view.
Something hits you but does no damage. Something bites you but does no damage.
The red ugly thing claws you but does no damage.
You barely miss something. You hit the red ugly thing.
Something hits you but does no damage. Something bites you.
* * * LOW HITPOINT WARNING * * *
Something draws strength from your injuries!
You block the red ugly thing's attack. Something hits you.
You block something's attack.
A purple ugly thing comes into view.
You closely miss something. You barely miss the red ugly thing.
The red ugly thing claws you.
You die...

..## * ..# *##...# ,
#.######....c. #..h
.....u...,
#..###....$... *
#cKuc#........, *
##cK#K#........ ,
###lK##K#........ ,*
#@uD###K#(....... *
#{### #Kc#.......
*#######K#####K.........
..?....ca....Y.........
,
##.....###.............,
,
......)§cc8K###........,
, ......$###.##
.[......,
##.....###K####.?......
#.......V∩.((........


You could see a six-headed hydra, 2 ugly things, a wyvern, a big kobold, 3
centaurs, a worker ant and 3 kobolds.

Vanquished Creatures
  An orc knight (Bailey)
  Pikel (D:7)
  Duvessa (D:5)
  A hornet zombie (D:6)
  A sky beast (D:7)
  An ice beast (D:5)
  2 orc warriors (Bailey)
  2 ogres
  A phantom (D:5)
  4 centaurs
  A crocodile (D:7)
  5 bullfrogs
  A water moccasin zombie (D:5)
  Dowan (D:5)
  4 killer bees (D:5)
  2 howler monkeys (D:5)
  5 crimson imps
  A bullfrog zombie (D:6)
  A centaur skeleton (D:5)
  An orc wizard (D:7)
  A bullfrog skeleton (D:5)
  4 hounds
  An orc priest (D:3)
  2 iguanas
  A killer bee zombie (D:7)
  5 worker ants
  A hound zombie (D:7)
  A howler monkey skeleton (D:7)
  11 adders
  3 gnolls (D:5)
  2 shadow imps
  2 oozes
  An adder zombie (D:7)
  2 adder skeletons (D:5)
  3 worms
  A dart slug (D:1)
  2 leopard geckos
  17 orcs
  5 giant cockroaches
  10 goblins
  10 hobgoblins
  6 jackals
  12 kobolds
  4 quokkas
  2 ball pythons
  10 bats
  8 frilled lizards
  A quokka skeleton (D:7)
  2 quokka zombies
  3 rats
  A plant (D:5)
171 creatures vanquished.

Notes
Turn   | Place    | Note
-------+----------+-------------------------------------------
     0 | D:1      | EriolAelfwine the Deep Dwarf Fighter began the quest for
                  | the Orb.
     0 | D:1      | Reached XP level 1. HP: 20/20 MP: 1/1
    87 | D:1      | Reached XP level 2. HP: 24/27 MP: 2/2
   646 | D:1      | Reached XP level 3. HP: 27/33 MP: 3/3
   931 | D:2      | Reached skill level 3 in Axes
  1114 | D:2      | Reached XP level 4. HP: 22/42 MP: 4/4
  1751 | D:3      | Noticed an ogre
  2102 | D:3      | Found a shattered altar of Ashenzari.
  2102 | D:3      | Found a hide-covered altar of Uskayaw.
  2102 | D:3      | Found a stormy altar of Qazlal.
  2103 | D:3      | Found a basalt altar of Yredelemnul.
  2104 | D:3      | Found a shimmering altar of Xom.
  2104 | D:3      | Found a blossoming altar of Fedhas.
  2104 | D:3      | Found a glowing silver altar of Zin.
  2107 | D:3      | Found a snail-covered altar of Cheibriados.
  2322 | D:3      | Reached XP level 5. HP: 42/49 MP: 5/5
  2614 | D:4      | Noticed an ogre
  2773 | D:4      | Reached skill level 4 in Axes
  2922 | D:4      | Found a shadowy altar of Dithmenos.
  3433 | D:5      | Entered Level 5 of the Dungeon
  3464 | D:5      | Reached XP level 6. HP: 56/56 MP: 6/6
  3467 | D:5      | Reached skill level 5 in Axes
  3491 | D:5      | Reached skill level 5 in Shields
  3505 | D:5      | Reached skill level 5 in Armour
  3663 | D:5      | Found a staircase to the Ecumenical Temple.
  3669 | Temple   | Entered the Ecumenical Temple
  3716 | Temple   | Became a worshipper of Makhleb the Destroyer
  4061 | D:5      | Reached skill level 1 in Invocations
  4061 | D:5      | Reached XP level 7. HP: 43/62 MP: 6/8
  4127 | D:5      | Noticed Duvessa
  4127 | D:5      | Noticed Dowan
  4156 | D:5      | Killed Duvessa
  4167 | D:5      | Killed Dowan
  4411 | D:5      | Reached skill level 6 in Axes
  4411 | D:5      | Reached XP level 8. HP: 23/72 MP: 10/10
  5210 | D:6      | Reached * piety under Makhleb
  6026 | D:7      | Reached skill level 7 in Axes
  6056 | D:7      | Found a flagged portal.
  6074 | Bailey   | Entered a bailey
  6109 | Bailey   | Noticed an orc knight
  6124 | Bailey   | Killed an orc knight
  6124 | Bailey   | Reached skill level 5 in Fighting
  6124 | Bailey   | Reached skill level 5 in Invocations
  6124 | Bailey   | Gained mutation: You passively map the area around you.
                  | [Deep Dwarf growth]
  6124 | Bailey   | Reached XP level 9. HP: 26/81 MP: 10/10
  6217 | Bailey   | Found an iron altar of Okawaru.
  6375 | D:7      | Reached skill level 8 in Axes
  6682 | D:7      | Reached ** piety under Makhleb
  6749 | D:7      | Got a fine scale mail
  6771 | D:7      | Identified the cursed +0 scale mail "Hodun" {rC+} (You
                  | found it on level 7 of the Dungeon)
  7223 | D:7      | Noticed Pikel
  7247 | D:7      | Killed Pikel
  7445 | D:8      | You fall into a shaft and drop 3 floors!
  7445 | D:11     | Found Dujig's Jewellery Shoppe.
  7458 | D:12     | Noticed a troll
  7469 | D:11     | Noticed a red ugly thing
  7480 | D:11     | Noticed a six-headed hydra
  7495 | D:11     | HP: 3/82 [something (2)]
  7496 | D:11     | Noticed a purple ugly thing
  7496 | D:11     | Slain by a red ugly thing

Levels and vault maps discovered:
D:1:      dpeg_arrival_shelter, layout_basic, minmay_pentomino_p4
D:2:      layout_basic, chequers_serial_rivers_micro_c
D:3:      layout_loops_ring, grunt_temple_overflow_open, roderic_three_in_a_row
D:4:      layout_basic, serial_bayou_pond_d, grunt_dithmenos_shadows
D:5:      layout_basic, minmay_temple_entry_gardened_gates, first_ration,
          uniq_duvessa
D:6:      layout_gridville
D:7:      minmay_the_grid_plus_closed [minmay_the_grid_zigzag_pyramid,
          minmay_the_grid_outer_diamond, minmay_the_grid_plusring,
          minmay_the_grid_minigrid_large, minmay_the_grid_prize_big_room],
          layout_basic, enter_bailey_3, serial_curves, eino_curves_02,
          eino_curves_03, uniq_pikel
D:8:      layout_loops_ring, serial_shops, shop, shop, shop, enter_ossuary_1,
          hangedman_ranch [blue_anna_fruit_fields], minmay_misc_feat_roman
D:11:     layout_rooms, serial_shops, shop_statue
D:12:     layout_basic, serial_shops, shop, brannock_xom_greatest_gift,
          uniq_frances
Temple:   dpeg_chambers_temple

Skill      XL: |  1  2  3  4  5  6  7  8  9 |
---------------+----------------------------+-----
Fighting       | 3 4 5 |  5.8
Axes           | 3 4 5 6 7 8 |  8.9
Armour         | 4 5 6 7 |  7.7
Shields        | 4 5 6 7 |  7.6
Invocations    | 1 3 5 6 |  6.5
Dodging        | |  0.5

Action                   |  1- 3 |  4- 6 |  7- 9 || total
-------------------------+-------+-------+-------++-------
Melee: War axe           |    90 |   299 |   427 ||   816
 Abil: Heal Wounds       |       |     5 |    10 ||    15
  Use: Scroll            |       |     9 |    13 ||    22
  Eat: Chunk             |     1 |     6 |    10 ||    17
       Ration            |       |     1 |     1 ||     2
Armor: Scale mail        |    31 |     5 |       ||    36
       Chain mail        |       |   155 |   222 ||   377
Dodge: Dodged            |    36 |    62 |   103 ||   201
Block: Shield            |    39 |   178 |   325 ||   542
